 Dungeon Crawl Stone Soup version 0.30-a0-711-gf4ac18a38d (webtiles) character file.

Game seed: 7616977551354636448

15 quinnr the Sneak (level 2, 0/22 HPs)
             Began as a Naga Air Elementalist on Jan 23, 2023.
             Slain by a jackal (2 damage)
             ... on level 1 of the Dungeon.
             The game lasted 00:02:43 (524 turns).

quinnr the Sneak (Naga Air Elementalist)             Turns: 524, Time: 00:02:44

Health: 0/22       AC:  1    Str: 10    XL:     2   Next: 50%
Magic:  3/5        EV: 10    Int: 15    God:
Gold:   44         SH:  0    Dex: 11    Spells: 4/5 levels left

rFire   . . .      SeeInvis +    (no weapon)
rCold   . . .      Faith    .    (no shield)
rNeg    . . .      Spirit   .    a - +0 robe
rPois   +          Reflect  .    (no helmet)
rElec   .          Harm     .    (no cloak)
rCorr   .          Rampage  .    (no gloves)
Will    .....                    (no barding)
Stlth   ++                       (no amulet)
HPRegen 0.23/turn                (no ring)
MPRegen 0.09/turn                (no ring)

@: brilliant, very slow
A: AC +0, large, see invisible, deformed body, poison resistance, slowness 2,
spit poison 1, naga tail 1
a: Spit Poison


You were on level 1 of the Dungeon.
You visited 1 branch of the dungeon, and saw 1 of its levels.

You collected 44 gold pieces.


Innate Abilities, Weirdness & Mutations

Your serpentine skin is tough. (AC +0)
You have supernaturally acute eyesight. (SInv)
Armour fits poorly on your strangely shaped body.
Your system is resistant to poisons. (rPois)
You cover ground very slowly.
You can spit poison.
You have a snake-like lower body.


   Skills:
 + Level 1.8 Dodging
 + Level 3.4 Stealth
 + Level 2.1 Spellcasting
 + Level 1.3 Conjurations
 + Level 3.1 Air Magic


You had 4 spell levels left.
You knew the following spells:

 Your Spells              Type           Power      Damage    Failure   Level
z - Shock                 Conj/Air       48%        1d6       9%          1

Your spell library contained the following spells:

 Spells                   Type           Power      Damage    Failure   Level
 Static Discharge         Conj/Air       24%        2-3/arc   13%         2
 Swiftness                Air            16%        N/A       19%         3
 Airstrike                Air            8%         2d(2-18)  52%         4

Inventory:

Armour
 a - a +0 robe (worn)
 d - a +0 cloak

Dungeon Overview and Level Annotations

Branches:
Dungeon (1/15)

Altars:

#.....J..# ###...####
#.......# #.......#
#.......# ###...###
#g..# ##.########
#########.gh@....#
..........##.##.#
#.#.###..#.#.#.#.
....##........... #
#..##..#.#.#.#.. #
.###.#..##..##.##.#
#. ##
..................#
##..##.
######†###########...
....... #.......###
#...# #..##.


You could see a jackal and a goblin.


Message History

You feel a surge of power!
The zap misses the ball python.
The zap hits the jackal.
You kill the jackal!
The zap hits the jackal.
The jackal is moderately wounded.
The zap misses the jackal.
The zap hits the ball python.
You kill the ball python!
Casting: Shock (safe; 9% risk of failure)
Confirm with . or Enter, or press ? or * to list all spells.
Aiming: Shock (safe; 9% risk of failure)
Press: ? - help, Shift-Dir - straight line You feel a surge of power!
The zap misses the jackal. x2
The zap hits the jackal.
The jackal is severely wounded.
The zap hits the jackal.
The jackal is heavily wounded.
The jackal bites you.
* * * LOW HITPOINT WARNING * * *
Casting: Shock (safe; 9% risk of failure)
Confirm with . or Enter, or press ? or * to list all spells.
Aiming: Shock (safe; 9% risk of failure)
Press: ? - help, Shift-Dir - straight line You feel a surge of power!
The zap hits the jackal.
You kill the jackal!
The zap hits the jackal but does no damage.
The jackal is severely wounded.
The zap hits the jackal but does no damage.
The jackal is severely wounded.
The jackal bites you.
You die...

Action                     || total
---------------------------++-------
  Melee: Unarmed           ||    15
         Punch             ||     1
   Cast: Shock             ||    31
    Use: Potion            ||     2
 Armour: Robe              ||     7
  Dodge: Dodged            ||    32

Levels and vault maps discovered:
D:1:      zaba_arrival_water, layout_loops_cross

Notes
Turn   | Place    | Note
-------+----------+-------------------------------------------
     0 | D:1      | quinnr the Naga Air Elementalist began the quest for the
                  | Orb.
     0 | D:1      | Reached XP level 1. HP: 15/15 MP: 3/3
   288 | D:1      | Reached XP level 2. HP: 21/22 MP: 0/5
   523 | D:1      | HP: 2/22 [jackal (2)]
   524 | D:1      | Slain by a jackal

Vanquished Creatures
  4 ball pythons (D:1)
  2 endoplasms (D:1)
  A goblin (D:1)
  A hobgoblin (D:1)
  2 jackals (D:1)
  2 kobolds (D:1)
  A quokka (D:1)
13 creatures vanquished.

Table legend: (Time is in decaauts)
 A = Elapsed time spent in this place.
 B = Non-inter-level travel time spent in this place.
 C = Inter-level travel time spent in this place.
 D = Time resting spent in this place.
 E = Time spent auto-exploring this place.
 F = Levels seen in this place.
 G = Mean time per level.
                   A        B        C        D        E       F      G
               +--------+--------+--------+--------+--------+-----+--------+
         Total |    610 |    610 |      0 |      0 |    469 |   1 |  610.0 |
       Dungeon |    610 |    610 |      0 |      0 |    469 |   1 |  610.0 |
               +--------+--------+--------+--------+--------+-----+--------+

Top non-repeatable levels by time:
     D:1: 610 daAuts

Table legend:
 A = Non-vault XP
 B = Vault XP
 C = Vault XP percentage of total XP
 D = Non-vault monster count
 E = Vault monster count
 F = Vault count percentage of total count
                 A         B        C        D         E       F
            +---------+---------+-------+---------+---------+-------
      Total |      24 |       0 |   0.0 |      13 |       0 |   0.0
            +---------+---------+-------+---------+---------+-------
        D:1 |      24 |       0 |   0.0 |      13 |       0 |   0.0
            +---------+---------+-------+---------+---------+-------
